[Event "ICCopen2016"]
[Site "Internet Chess Club"]
[Date "2016.06.03"]
[Round "8"]
[White "hedgie"]
[Black "olakenn"]
[Result "1-0"]
[ICCResult "Black forfeits on time"]
[WhiteElo "2117"]
[BlackElo "1705"]
[Opening "Grünfeld: 5.Bf4"]
[ECO "D92"]
[NIC "GI.07"]
[Time "20:18:11"]
[TimeControl "180+0"]

1. d4 Nf6 2. c4 g6 3. Nc3 d5 4. Nf3 Bg7 5. Bf4 O-O 6. Rc1 c5 7. dxc5 Qa5 8.
cxd5 Ne4 9. Be5 Bxe5 10. Nxe5 Nxc3 11. Rxc3 Qxa2 12. Qd2 Kg7 13. e4 f5 14.
Bd3 fxe4 15. Bxe4 Bf5 16. Bf3 Nd7 17. Nxd7 Bxd7 18. O-O Qa5 19. Qd4+ Rf6 20.
Re3 Qd8 21. Rfe1 e6 22. dxe6 Bc6 23. Qc3 Bxf3 24. Rxf3 Qe7 25. g4 h6 26. h4
g5 27. hxg5 hxg5 28. Qe5 Kg6 29. Rf5 Rxf5 30. gxf5+ Kh7 31. Kg2 Kg8 32. Rh1
Qg7 33. f6 Qg6 34. f7+ Kf8 35. Rh8+ {Black forfeits on time} 1-0

[Event "ICCopen2016"]
[Site "Internet Chess Club"]
[Date "2016.06.03"]
[Round "8"]
[White "Creedence"]
[Black "oskarito"]
[Result "1-0"]
[ICCResult "Black resigns"]
[WhiteElo "3098"]
[BlackElo "2526"]
[Opening "Sicilian: Canal-Sokolsky (Nimzovich-Rossolimo, Moscow) attack"]
[ECO "B51"]
[NIC "SI.01"]
[Time "20:18:29"]
[TimeControl "180+0"]

1. e4 c5 2. Nf3 d6 3. Bb5+ Nc6 4. O-O Bd7 5. Re1 Nf6 6. c3 a6 7. Bf1 Bg4 8.
h3 Bxf3 9. Qxf3 g6 10. a4 Bg7 11. Na3 O-O 12. d3 Nd7 13. Bg5 Rb8 14. h4 b5
15. axb5 axb5 16. Bd2 b4 17. Nc4 Nb6 18. Ne3 Qd7 19. h5 Ra8 20. Ng4 Ne5 21.
Nxe5 Bxe5 22. h6 Na4 23. cxb4 cxb4 24. Bxb4 Bxb2 25. Rab1 Bd4 26. Bd2 Rfb8
27. g3 Nc5 28. Bg5 f6 29. Be3 Qa4 30. Rbc1 Rb2 31. Rc4 Bxe3 32. Rxa4 Rxa4
33. Qxe3 Ne6 34. d4 Nxd4 35. Qc3 Rab4 36. Qc8+ Kf7 37. Bc4+ e6 38. Bxe6+
Nxe6 39. Qd7+ Kf8 40. Qxe6 {Black resigns} 1-0

[Event "ICCopen2016"]
[Site "Internet Chess Club"]
[Date "2016.06.03"]
[Round "8"]
[White "boydjj"]
[Black "cloak1"]
[Result "0-1"]
[ICCResult "White checkmated"]
[WhiteElo "1488"]
[BlackElo "1790"]
[Opening "Sicilian defense"]
[ECO "B20"]
[NIC "SI.48"]
[Time "20:18:30"]
[TimeControl "180+0"]

1. e4 c5 2. b3 d5 3. Bb2 dxe4 4. Nc3 Nf6 5. Qe2 Nc6 6. O-O-O Bf5 7. f3 exf3
8. Nxf3 e6 9. h3 Bg6 10. g4 Be7 11. Qg2 O-O 12. h4 Nd4 13. h5 Bxc2 14. g5
Nd7 15. g6 fxg6 16. Nxd4 cxd4 17. Kxc2 dxc3 18. dxc3 Bc5 19. Bc4 Rf2+ 20.
Qxf2 Bxf2 21. Bxe6+ Kh8 22. hxg6 h6 23. c4 Qg5 24. Bxd7 Qxg6+ 25. Kc3 Bg3
26. Kb4 Qb6+ 27. Ka3 Bd6+ 28. Rxd6 Qxd6+ 29. b4 Qxd7 30. Rxh6+ Kg8 31. Rh3
Rc8 32. Rc3 Qe6 33. Kb3 Rxc4 34. Rxc4 b5 35. a4 Qxc4+ 36. Ka3 bxa4 37. Kxa4
Qc2+ 38. Ka3 g5 39. Be5 g4 40. Bd6 g3 41. Bc5 Qd3+ 42. Ka4 g2 43. Ka5 a6 44.
Kb6 Kf7 45. Ka5 Qb5# {White checkmated} 0-1

[Event "ICCopen2016"]
[Site "Internet Chess Club"]
[Date "2016.06.03"]
[Round "8"]
[White "josper05"]
[Black "jonesey"]
[Result "1-0"]
[ICCResult "Black resigns"]
[WhiteElo "1510"]
[BlackElo "1785"]
[Opening "English: Botvinnik system"]
[ECO "A10"]
[NIC "EO.64"]
[Time "20:19:47"]
[TimeControl "180+0"]

1. c4 g6 2. g3 Bg7 3. Bg2 e5 4. Nc3 d6 5. d3 Nc6 6. e4 Nge7 7. Nge2 O-O 8.
O-O Bg4 9. h3 Bd7 10. Be3 f5 11. f4 Qc8 12. Kh2 Nd4 13. fxe5 dxe5 14. Nd5
Qd8 15. Bxd4 exd4 16. Qb3 Bc6 17. Nef4 Qd6 18. Nxe7+ Qxe7 19. Nd5 Qd6 20.
exf5 Be5 21. fxg6 Qxg6 22. Nf4 Qd6 23. c5+ {Black resigns} 1-0

[Event "ICCopen2016"]
[Site "Internet Chess Club"]
[Date "2016.06.03"]
[Round "8"]
[White "Darnoc"]
[Black "mathman"]
[Result "1-0"]
[ICCResult "Black forfeits on time"]
[WhiteElo "2869"]
[BlackElo "2384"]
[Opening "King's Indian: 5.Nf3"]
[ECO "E90"]
[NIC "KI.20"]
[Time "20:18:27"]
[TimeControl "180+0"]

1. d4 Nf6 2. c4 g6 3. Nc3 Bg7 4. e4 d6 5. Nf3 O-O 6. h3 Na6 7. Bg5 c5 8. d5
h6 9. Be3 e6 10. Bd3 exd5 11. cxd5 Nb4 12. Be2 Re8 13. Nd2 b6 14. O-O Na6
15. Qc2 Nc7 16. Rfd1 Rb8 17. a3 Nd7 18. Nb5 Nxb5 19. Bxb5 Rf8 20. a4 a6 21.
Bf1 b5 22. axb5 axb5 23. Ra7 Qb6 24. Rda1 Rb7 25. R7a5 Qc7 26. Bxb5 Qb8 27.
Bxd7 Bxd7 28. Nc4 Bxb2 29. Nxb2 Rxb2 30. Qc1 g5 31. Bxg5 hxg5 32. Qxg5+ Kh7
33. Qh4+ Kg7 34. R5a3 Rb3 35. Qg5+ Kh7 36. Qh4+ Kg7 37. Kh2 c4 38. Qg5+ Kh7
39. Qh5+ Kg7 40. e5 dxe5 41. Rxb3 Qxb3 42. Qxe5+ f6 43. Qd6 Rf7 44. Re1 c3
45. Re3 Bf5 46. Rg3+ Bg6 47. h4 {Black forfeits on time} 1-0

[Event "ICCopen2016"]
[Site "Internet Chess Club"]
[Date "2016.06.03"]
[Round "8"]
[White "TRADE"]
[Black "carpenter"]
[Result "0-1"]
[ICCResult "White resigns"]
[WhiteElo "2707"]
[BlackElo "2251"]
[Opening "Ruy Lopez: Schliemann defense, Berger variation"]
[ECO "C63"]
[NIC "RL.06"]
[Time "20:17:52"]
[TimeControl "180+0"]

1. e4 e5 2. Nf3 Nc6 3. Bb5 f5 4. Nc3 Nf6 5. d4 fxe4 6. Nxe5 Bb4 7. O-O Qe7
8. Bg5 Bxc3 9. bxc3 Nxe5 10. dxe5 Qxe5 11. Bxf6 gxf6 12. Bc4 c6 13. Bb3 d5
14. f4 Qf5 15. c4 Be6 16. cxd5 cxd5 17. Ba4+ Kf7 18. Qd4 b6 19. Bb3 Rad8 20.
a4 Rd7 21. a5 b5 22. a6 Rhd8 23. Ra5 Rb8 24. Rf2 Rb6 25. Ra1 h5 26. Rd2 h4
27. h3 Kg6 28. Rf2 Kh6 29. Kh1 Rg7 30. Re2 Rb8 31. Rd1 Rbg8 32. Bxd5 Rxg2
33. Re3 Bxd5 34. Qxa7 Qxf4 {White resigns} 0-1

[Event "ICCopen2016"]
[Site "Internet Chess Club"]
[Date "2016.06.03"]
[Round "8"]
[White "Imaneverwas"]
[Black "iphantom"]
[Result "1-0"]
[ICCResult "Black forfeits on time"]
[WhiteElo "1819"]
[BlackElo "1531"]
[Opening "English, 1...Nf6 (Anglo-Indian defense)"]
[ECO "A15"]
[NIC "EO.64"]
[Time "20:17:44"]
[TimeControl "180+0"]

1. c4 Nf6 2. g3 d6 3. Bg2 c6 4. Nc3 Nbd7 5. d3 Qc7 6. e4 e5 7. Nge2 Be7 8.
O-O O-O 9. h3 h6 10. f4 a5 11. f5 Kh7 12. g4 Ne8 13. Be3 g6 14. Qd2 g5 15.
d4 f6 16. Rad1 a4 17. dxe5 dxe5 18. Ng3 a3 19. b3 Bb4 20. Qd3 Nc5 21. Qc2
Nd6 22. Bd2 Qe7 23. Nh5 Bd7 24. Be1 Be8 25. Ng3 Nf7 26. Qd2 Qc7 27. Bf2 Qa5
28. Be1 Bd7 29. Nh5 Nd8 30. Qd6 Nxe4 31. Qxd7+ Rf7 32. Qe6 Nxc3 33. Nxf6+
Rxf6 34. Qxf6 Nxd1 35. Qg6+ Kh8 36. f6 Bc5+ 37. Kh2 Qc7 38. f7 Nxf7 39. Rxf7
e4+ 40. Kh1 {Black forfeits on time} 1-0

[Event "ICCopen2016"]
[Site "Internet Chess Club"]
[Date "2016.06.03"]
[Round "8"]
[White "RussianCowboy"]
[Black "Peretyatko"]
[Result "0-1"]
[ICCResult "White forfeits on time"]
[WhiteElo "2004"]
[BlackElo "2772"]
[Opening "King's pawn opening"]
[ECO "B07"]
[NIC "VO.17"]
[Time "20:18:24"]
[TimeControl "180+0"]

1. e4 d6 2. Nf3 g6 3. Be2 Bg7 4. O-O Nf6 5. d3 c5 6. Nbd2 O-O 7. a3 Nc6 8.
Rb1 b6 9. b4 Bb7 10. Bb2 Ne8 11. c3 Nf6 12. d4 cxd4 13. cxd4 e6 14. Bd3 Nd7
15. Re1 a5 16. b5 Ne7 17. a4 Nf6 18. Ba3 Re8 19. h3 h6 20. Nc4 Nc8 21. Ncd2
Nd7 22. Rc1 Ra7 23. Qb3 Ba8 24. Rc2 Rc7 25. Rec1 Rxc2 26. Qxc2 e5 27. d5 Nc5
28. Bxc5 dxc5 29. Nc4 Nd6 30. Nfd2 h5 31. Nxd6 Qxd6 32. Nc4 Qb8 33. Re1 Bb7
34. Nxb6 Bf8 35. Nc4 Qa7 36. Qd2 f6 37. Qxa5 Qb8 38. Qb6 Be7 39. a5 Bd8 40.
Qxc5 Be7 41. d6 Bf8 42. a6 Rc8 43. Qb4 Bxa6 44. Rb1 Bb7 45. Qa5 Bxd6 46.
Nxd6 Qxd6 47. Bc4+ Rxc4 48. Qa7 Qc7 49. Rd1 Rc1 50. Rxc1 Qxc1+ 51. Kh2 Qc8
52. Qb6 Kf7 {White forfeits on time} 0-1

[Event "ICCopen2016"]
[Site "Internet Chess Club"]
[Date "2016.06.03"]
[Round "8"]
[White "betterone76"]
[Black "carpedef"]
[Result "1-0"]
[ICCResult "Black forfeits on time"]
[WhiteElo "1547"]
[BlackElo "1810"]
[Opening "Sicilian: Kan, 5.Nc3"]
[ECO "B43"]
[NIC "SI.41"]
[Time "20:17:34"]
[TimeControl "180+0"]

1. e4 c5 2. Nf3 e6 3. d4 cxd4 4. Nxd4 a6 5. Nc3 Qc7 6. Be3 Nf6 7. Qf3 Bb4 8.
Bd2 Qe5 9. Nde2 Nc6 10. O-O-O Qa5 11. Kb1 Ne5 12. Qg3 O-O 13. f4 Nc4 14. Be1
d5 15. e5 Ne4 16. Nxe4 dxe4 17. c3 Be7 18. Nd4 Nb6 19. f5 exf5 20. Be2 Be6
21. a3 Nd5 22. Rf1 Qb6 23. Nxf5 Bxf5 24. Rxf5 Bxa3 25. Rd2 g6 26. Rc2 Ne3
27. b4 Nxf5 28. Qf4 Bxb4 29. cxb4 Rfd8 30. Bc3 Rac8 31. e6 fxe6 32. Qe5 Rxc3
33. Qxc3 Ne7 34. Kb2 Nd5 35. Qe5 Nxb4 36. Kc1 Nxc2 37. Kxc2 Rc8+ 38. Kd1
Qb1+ 39. Kd2 Qa2+ 40. Ke3 Qb3+ 41. Kf2 Qb6+ 42. Kg3 {Black forfeits on time}
1-0

[Event "ICCopen2016"]
[Site "Internet Chess Club"]
[Date "2016.06.03"]
[Round "8"]
[White "Tyrel"]
[Black "Eraser007"]
[Result "1-0"]
[ICCResult "Black forfeits on time"]
[WhiteElo "1989"]
[BlackElo "2188"]
[Opening "Queen's pawn game"]
[ECO "A45"]
[NIC "QP.07"]
[Time "20:18:34"]
[TimeControl "180+0"]

1. d4 Nf6 2. e3 g6 3. Bd3 Bg7 4. f4 d6 5. Nf3 O-O 6. O-O c5 7. c3 b6 8. Qe2
Bb7 9. f5 e6 10. fxg6 hxg6 11. Ng5 e5 12. Qf2 cxd4 13. Qh4 Nbd7 14. exd4 Re8
15. Nd2 Nf8 16. Nde4 Bxe4 17. Nxe4 Nxe4 18. Qxe4 d5 19. Qg4 e4 20. Be2 f5
21. Qg3 Qf6 22. Bg5 Qc6 23. h4 Ne6 24. Be3 Nf8 25. a4 Rac8 26. Bb5 Qe6 27.
Bxe8 Qxe8 28. a5 b5 29. a6 Nh7 30. Ra5 Nf6 31. Bf4 Ng4 32. Be3 Bf8 33. h5
gxh5 34. Rxf5 Qg6 35. Rg5 Qxg5 36. Bxg5 Bg7 37. Qh4 Rf8 38. Qxh5 Nf6 39.
Bxf6 {Black forfeits on time} 1-0

[Event "ICCopen2016"]
[Site "Internet Chess Club"]
[Date "2016.06.03"]
[Round "8"]
[White "kingsac"]
[Black "fviana"]
[Result "0-1"]
[ICCResult "White forfeits on time"]
[WhiteElo "1887"]
[BlackElo "2178"]
[Opening "Sicilian: Grand Prix attack"]
[ECO "B23"]
[NIC "SI.44"]
[Time "20:17:51"]
[TimeControl "180+0"]

1. e4 c5 2. Nc3 Nc6 3. f4 g6 4. Nf3 Bg7 5. Bb5 Nd4 6. O-O Nxb5 7. Nxb5 d6 8.
c4 Nf6 9. d3 O-O 10. Qe1 a6 11. Nc3 b5 12. cxb5 axb5 13. Nxb5 Ba6 14. e5
Bxb5 15. exf6 Bxf6 16. Qd1 Qa5 17. Re1 Qa6 18. d4 Rfb8 19. dxc5 dxc5 20. Ne5
c4 21. Nd7 Bxd7 22. Qxd7 e6 23. Qd2 Qb6+ 24. Kh1 Bxb2 25. Bxb2 Qxb2 26. Qxb2
Rxb2 27. a4 c3 28. h3 c2 29. Rec1 Rb1 30. Rcxb1 cxb1=Q+ 31. Rxb1 Rxa4 32.
Rf1 h5 33. Kh2 h4 34. Rf3 Kg7 35. Rf2 Kf6 36. g3 hxg3+ 37. Kxg3 Kf5 38. Rf3
f6 39. Rb3 Rxf4 40. Rb5+ e5 41. h4 Rc4 42. Rb3 g5 43. h5 g4 44. h6 Kg6 45.
Rb6 Rf4 46. h7 Kxh7 47. Kh4 Kg6 48. Rb8 f5 49. Rg8+ Kf6 50. Rf8+ Ke6 51.
Re8+ Kd5 52. Rd8+ Ke4 53. Ra8 Rf3 54. Ra4+ Kd5 55. Ra5+ Ke6 56. Ra6+ Kd7 57.
Ra7+ Kc6 58. Ra6+ Kb5 59. Re6 e4 60. Kg5 g3 61. Kh4 f4 62. Rxe4 Rf2 63. Kg4
g2 64. Kh3 g1=Q 65. Rxf4 Qg2+ 66. Kh4 Rxf4+ 67. Kh5 Ka4 68. Kh6 Kb3 69. Kh5
Kb4 {White forfeits on time} 0-1

[Event "ICCopen2016"]
[Site "Internet Chess Club"]
[Date "2016.06.03"]
[Round "8"]
[White "Spirals"]
[Black "fishmaster"]
[Result "1-0"]
[ICCResult "Black checkmated"]
[WhiteElo "2173"]
[BlackElo "1702"]
[Opening "Ruy Lopez: Anderssen variation"]
[ECO "C77"]
[NIC "RL.12"]
[Time "20:18:36"]
[TimeControl "180+0"]

1. e4 e5 2. Nf3 Nc6 3. Bb5 a6 4. Ba4 Nf6 5. d3 b5 6. Bb3 Be7 7. O-O d6 8. a4
b4 9. a5 Bg4 10. Be3 O-O 11. h3 Bh5 12. Nbd2 Nd4 13. Bxd4 exd4 14. g4 Bg6
15. Nh4 c5 16. Nf5 Nd7 17. Nxe7+ Qxe7 18. f4 h6 19. Qf3 Qh4 20. Kg2 h5 21.
Qg3 Qxg3+ 22. Kxg3 Nf6 23. Nf3 Rad8 24. g5 Ne8 25. f5 Bh7 26. g6 c4 27.
gxh7+ Kxh7 28. Bxc4 f6 29. Nh4 Nc7 30. Ng6 Rfe8 31. Bf7 Rf8 32. Nxf8+ Rxf8
33. Bxh5 Rd8 34. Bg6+ Kg8 35. h4 d5 36. Rae1 dxe4 37. Rxe4 Nd5 38. Rxd4 Kf8
39. Re1 Rd7 40. Rxd5 Rd8 41. Rxd8# {Black checkmated} 1-0

[Event "ICCopen2016"]
[Site "Internet Chess Club"]
[Date "2016.06.03"]
[Round "8"]
[White "DoctorWho"]
[Black "croder"]
[Result "1-0"]
[ICCResult "Black resigns"]
[WhiteElo "2034"]
[BlackElo "1725"]
[Opening "QGD semi-Slav"]
[ECO "D43"]
[NIC "SL.06"]
[Time "20:18:02"]
[TimeControl "180+0"]

1. d4 d5 2. c4 e6 3. Nc3 c6 4. Nf3 Nf6 5. Bg5 Be7 6. e3 O-O 7. Qc2 Nbd7 8.
cxd5 exd5 9. Bd3 Re8 10. O-O Nf8 11. h3 Nh5 12. Bxe7 Qxe7 13. Ne5 Nf6 14. a3
N6d7 15. Nf3 Nf6 16. b4 Ne4 17. Bxe4 dxe4 18. Nh2 f5 19. Ne2 Ng6 20. Qc5 Qd7
21. Rac1 Kh8 22. Rfd1 Qe6 23. d5 cxd5 24. Qxd5 Qxd5 25. Rxd5 Be6 26. Rdc5 b6
27. Rc6 Bf7 28. Nf1 Ne5 29. Rc7 Bg6 30. Nf4 a5 31. b5 Rad8 32. Rb7 Rb8 33.
Rcc7 Rxb7 34. Rxb7 Nc4 35. a4 Rd8 36. Kh2 Be8 37. Ne6 Rc8 38. Nxg7 Nb2 39.
Nxe8 Rxe8 40. Rxb6 Nxa4 41. Ra6 Nc5 42. Rxa5 Nd3 43. Kg1 f4 44. exf4 Nxf4
45. Ne3 Nd3 46. b6 Rb8 47. Rb5 Kg7 48. b7 Kf7 49. Nd5 Ke6 50. Nc7+ Kd7 51.
Na6 Rxb7 52. Rxb7+ Kc6 53. Rxh7 Kd5 54. Nc7+ Kd4 55. Ne6+ Kc3 56. Ng5 Kd4
57. Rd7+ Ke5 58. Re7+ Kf5 59. Nxe4 Ne1 60. Ng3+ {Black resigns} 1-0

[Event "ICCopen2016"]
[Site "Internet Chess Club"]
[Date "2016.06.03"]
[Round "8"]
[White "leonardoalmeida"]
[Black "Shafkat"]
[Result "1-0"]
[ICCResult "Black forfeits on time"]
[WhiteElo "1848"]
[BlackElo "1670"]
[Opening "Van't Kruijs opening"]
[ECO "A00"]
[Time "20:18:01"]
[TimeControl "180+0"]

1. e3 e5 2. b3 d5 3. Qh5 Nc6 4. Bb5 Qf6 5. Bb2 Bd6 6. Nf3 Nh6 7. Bxe5 Bxe5
8. Qxe5+ Qxe5 9. Nxe5 Bd7 10. Nxd7 Kxd7 11. Nc3 a6 12. Bxc6+ Kxc6 13. O-O
Nf5 14. d4 h5 15. h3 g5 16. Ne2 g4 17. h4 Nxh4 18. c4 dxc4 19. bxc4 f5 20.
Rab1 Ng6 21. d5+ Kd7 22. Rxb7 Rab8 23. Rfb1 Rxb7 24. Rxb7 h4 25. Ra7 h3 26.
Rxa6 Ne5 27. c5 hxg2 28. Kxg2 Nf3 29. Rf6 Ne1+ 30. Kg3 Rh3+ 31. Kf4 Rf3+ 32.
Kg5 Rxf2 33. Nd4 g3 34. Rf7+ Ke8 35. Kf6 g2 36. Re7+ Kd8 37. Ne6+ Kc8 38.
Rxc7+ Kb8 39. Rg7 Nf3 40. d6 g1=Q 41. Rxg1 Nxg1 42. d7 Rd2 43. d8=Q+ Rxd8
44. Nxd8 Nf3 45. Kxf5 {Black forfeits on time} 1-0

[Event "ICCopen2016"]
[Site "Internet Chess Club"]
[Date "2016.06.03"]
[Round "8"]
[White "kvicc"]
[Black "RobbieWilliams"]
[Result "1-0"]
[ICCResult "Black resigns"]
[WhiteElo "2204"]
[BlackElo "1810"]
[Opening "Alekhine's defense: exchange variation"]
[ECO "B02"]
[NIC "AL.08"]
[Time "20:18:15"]
[TimeControl "180+0"]

1. e4 Nf6 2. e5 Nd5 3. c4 Nb6 4. d4 d6 5. exd6 exd6 6. Nc3 Nc6 7. Nf3 Bg4 8.
b3 Be7 9. Be2 Bf6 10. Be3 O-O 11. h3 Bh5 12. Rc1 Re8 13. O-O d5 14. c5 Nc8
15. b4 a6 16. a4 Nxb4 17. Qb3 a5 18. Na2 Nxa2 19. Qxa2 c6 20. Qb3 Qd7 21.
Rb1 Ra7 22. Ne5 Bxe5 23. Bxh5 Bc7 24. Bg4 f5 25. Bf3 Ne7 26. Bg5 h6 27. Bd2
Ng6 28. Rfe1 Re4 29. Bxe4 fxe4 30. Qd1 Nh4 31. Qh5 Nf5 32. Be3 Kh7 33. Qg4
g6 34. h4 Qe7 35. h5 Qf6 36. hxg6+ Qxg6 37. Qxg6+ Kxg6 38. Rb3 Bd8 39. Reb1
Bf6 40. Rxb7 Rxb7 41. Rxb7 Bxd4 42. Bxd4 Nxd4 43. Ra7 Nb3 44. Ra6 d4 45.
Rxc6+ Kf5 46. Rd6 Ke5 47. Rd8 Nxc5 48. Kf1 Nxa4 49. Ra8 Nc3 50. Rxa5+ Kf4
51. Ke1 d3 52. Ra8 h5 53. Rf8+ Ke5 54. Rh8 Kd4 55. Rxh5 Nb1 56. Rh8 Na3 57.
Rd8+ Kc3 58. Rc8+ Kd4 59. Rd8+ Kc3 60. g4 Nc2+ 61. Kd1 Nd4 62. Rc8+ Kb4 63.
Re8 Nf3 64. Rxe4+ Kc3 65. Rf4 Ne5 66. g5 Ng6 67. Rf6 Nh4 68. g6 Nxg6 69.
Rxg6 Kd4 70. Rd6+ Ke4 71. Kd2 {Black resigns} 1-0

[Event "ICCopen2016"]
[Site "Internet Chess Club"]
[Date "2016.06.03"]
[Round "8"]
[White "DARKTRUDER"]
[Black "Rumpel"]
[Result "0-1"]
[ICCResult "White resigns"]
[WhiteElo "2315"]
[BlackElo "2631"]
[Opening "Réti opening"]
[ECO "A54"]
[NIC "OI.02"]
[Time "20:18:24"]
[TimeControl "180+0"]

1. Nf3 d6 2. d4 Nf6 3. c4 Nbd7 4. Nc3 e5 5. g3 Be7 6. Bg2 O-O 7. O-O c6 8.
e4 a6 9. a4 a5 10. h3 exd4 11. Nxd4 Nc5 12. Be3 Re8 13. Nf5 Ncxe4 14. Nxe7+
Rxe7 15. Nxe4 Nxe4 16. Qd4 Bf5 17. Rad1 h6 18. g4 Bg6 19. Bxe4 Rxe4 20. Qxd6
Qxd6 21. Rxd6 Rxc4 22. Rd7 Rb4 23. Bd4 Be4 24. Bc3 Rxa4 25. Rxb7 Bd5 26. Re1
Re4 27. Ra1 a4 28. Rb4 Rxb4 29. Bxb4 f5 30. gxf5 Kf7 31. Re1 Ra7 32. Bc3 a3
33. bxa3 Rxa3 34. Be5 Rxh3 35. f3 Rxf3 36. Rf1 Rxf1+ 37. Kxf1 Be4
{White resigns}
0-1

[Event "ICCopen2016"]
[Site "Internet Chess Club"]
[Date "2016.06.03"]
[Round "8"]
[White "El-Kaiser"]
[Black "GreyWarden"]
[Result "0-1"]
[ICCResult "White checkmated"]
[WhiteElo "2353"]
[BlackElo "2011"]
[Opening "King's Indian: orthodox, Aronin-Taimanov, 9.Ne1"]
[ECO "E98"]
[NIC "KI.03"]
[Time "20:17:37"]
[TimeControl "180+0"]

1. d4 Nf6 2. c4 g6 3. Nc3 Bg7 4. e4 d6 5. Nf3 O-O 6. Be2 e5 7. O-O Nc6 8. d5
Ne7 9. Ne1 Nd7 10. Be3 f5 11. f3 f4 12. Bf2 g5 13. Rc1 Nf6 14. c5 Ng6 15.
cxd6 cxd6 16. Nb5 Rf7 17. Qc2 Ne8 18. Nxa7 Bd7 19. Bb5 g4 20. Bxd7 Qxd7 21.
Bb6 Nh4 22. Kh1 Bf6 23. a4 Rg7 24. Rg1 Bd8 25. Bxd8 Qxd8 26. Nb5 Qb6 27.
fxg4 Rxg4 28. Nf3 Nf6 29. b3 Kh8 30. Qc7 Qxc7 31. Rxc7 Nxe4 32. Rc2 Rag8 33.
Nxh4 Rxh4 34. Rgc1 Nf6 35. Rc8 Nxd5 36. Rxg8+ Kxg8 37. Nxd6 Ne3 38. Rc8+ Kg7
39. Nf5+ Nxf5 40. Rc7+ Kg6 41. Rxb7 e4 42. Rb6+ Kg5 43. a5 e3 44. a6 Nd4 45.
Rb8 Rh6 46. Rd8 e2 47. Re8 Re6 48. Rxe6 Nxe6 49. h4+ Kg4 50. Kh2 e1=Q 51. a7
Qxh4+ 52. Kg1 Qe1+ 53. Kh2 Qa5 54. a8=Q Qxa8 55. Kg1 Qb7 56. Kf1 Qxb3 57.
Ke1 Kg3 58. Kd2 Kxg2 59. Kc1 f3 60. Kd2 f2 61. Kc1 f1=Q+ 62. Kd2 Qf2+ 63.
Kc1 Qbc2# {White checkmated} 0-1

[Event "ICCopen2016"]
[Site "Internet Chess Club"]
[Date "2016.06.03"]
[Round "8"]
[White "minmax"]
[Black "YKQ"]
[Result "0-1"]
[ICCResult "White checkmated"]
[WhiteElo "2045"]
[BlackElo "2578"]
[Opening "QGD: 4.Nf3"]
[ECO "D37"]
[NIC "QI.01"]
[Time "20:18:30"]
[TimeControl "180+0"]

1. d4 Nf6 2. c4 e6 3. Nf3 d5 4. Nc3 Be7 5. cxd5 exd5 6. Bf4 c6 7. e3 O-O 8.
h3 Nbd7 9. Bd3 Re8 10. O-O Nf8 11. Ne5 Ne6 12. Bg3 g6 13. f4 Ng7 14. Bh2 Bf5
15. g4 Bxd3 16. Qxd3 Bb4 17. f5 Bxc3 18. bxc3 Ne4 19. fxg6 fxg6 20. c4 Ne6
21. cxd5 Qxd5 22. Rab1 N6g5 23. Bf4 Nxh3+ 24. Kh2 Nxf4 25. Rxf4 Rxe5 26.
Rxb7 Ng5 27. Rb3 Re7 28. Qf1 Rae8 29. Qf2 Qd6 30. Kg2 Ne6 31. Rf6 Qd5+ 32.
Kh2 Qg5 33. Kg3 h5 34. Qf3 hxg4 35. Qf2 Qh5 36. Qg2 Kg7 37. Rf2 Ng5 38. Rc3
Ne4+ 39. Kf4 Qf5# {White checkmated} 0-1

[Event "ICCopen2016"]
[Site "Internet Chess Club"]
[Date "2016.06.03"]
[Round "8"]
[White "DetectiveStark"]
[Black "A-Adly"]
[Result "1-0"]
[ICCResult "Black checkmated"]
[WhiteElo "2491"]
[BlackElo "2938"]
[Opening "Caro-Kann: two knights variation"]
[ECO "B11"]
[NIC "CK.01"]
[Time "20:18:29"]
[TimeControl "180+0"]

1. e4 c6 2. Nc3 d5 3. Nf3 dxe4 4. Nxe4 Nd7 5. b3 Ndf6 6. Nxf6+ Nxf6 7. Bb2
Bf5 8. g3 e6 9. Bg2 Be7 10. O-O O-O 11. d3 Nd5 12. a3 Bf6 13. d4 c5 14. Qe2
cxd4 15. Nxd4 Bg6 16. Rfd1 Qb6 17. c4 Ne7 18. b4 a6 19. c5 Qc7 20. Nb3 Bxb2
21. Qxb2 Rfd8 22. Na5 Nd5 23. Qb3 b6 24. cxb6 Qxb6 25. Bxd5 exd5 26. Rxd5
Re8 27. Rad1 h6 28. Rd6 Re1+ 29. Rxe1 Qxd6 30. Qe3 Rc8 31. h4 Rc2 32. Qe8+
Kh7 33. Qe5 Qd2 34. Qe3 Qd5 35. Qf4 Ra2 36. Nc4 Bd3 37. Ne5 Bg6 38. Nxg6
fxg6 39. Qe3 Qc6 40. Qd3 h5 41. Qb3 Rd2 42. Qe6 Qc2 43. Qf7 Qc3 44. Re8 Rd1+
45. Kh2 Kh6 46. Rh8# {Black checkmated} 1-0

[Event "ICCopen2016"]
[Site "Internet Chess Club"]
[Date "2016.06.03"]
[Round "8"]
[White "Red-white"]
[Black "Nedwis"]
[Result "0-1"]
[ICCResult "White resigns"]
[WhiteElo "3078"]
[BlackElo "2923"]
[Opening "Petrov: Nimzovich attack"]
[ECO "C42"]
[NIC "RG.03"]
[Time "20:17:44"]
[TimeControl "180+0"]

1. e4 e5 2. Nf3 Nf6 3. Nxe5 d6 4. Nf3 Nxe4 5. Nc3 Nxc3 6. dxc3 Be7 7. Be3
Nd7 8. Qd2 O-O 9. O-O-O c6 10. Kb1 d5 11. c4 Nb6 12. cxd5 Nxd5 13. Bd4 Bf6
14. Bc4 Be6 15. Rhe1 h6 16. Bxf6 Qxf6 17. Nd4 Rad8 18. Nxe6 fxe6 19. f3 Rd6
20. Qd4 Rfd8 21. Qxf6 Nc3+ 22. bxc3 Rxd1+ 23. Kb2 gxf6 24. Rxe6 b5 25. Bd3
Rd2 26. Kb3 c5 27. Bxb5 Rb8 28. a4 Rxg2 29. Rxf6 Rxh2 30. Ra6 Rb7 31. Kc4
Rxc2 32. Rxh6 Rc7 33. Ra6 Rf2 34. Bc6 Kg7 35. Be4 Ra2 36. Bc6 Rc2 37. Bd5
Rc1 38. Rd6 Ra1 39. Ra6 Rf1 40. a5 Ra1 41. Kb5 Rb1+ 42. Kc4 Ra1 43. Be4 Rc1
44. Rg6+ Kf7 45. a6 Ra1 46. Rh6 Re7 47. Bd5+ Kg7 48. Rc6 Re3 49. Rc7+ Kh6
50. Rxa7 Ra3 51. Ra8 Rexc3+ 52. Kb5 Rd3 53. Kxc5 Ra5+ 54. Kb6 Rdxd5 55. Rc8
Rdb5+ 56. Ka7 Kg7 57. Rc6 Kf7 58. Rb6 Ke7 59. Kb7 Kd7 60. a7 Rxb6+ 61. Kxb6
Ra1 62. Kb7 Rb1+ 63. Ka8 Kc7 64. f4 Rd1 {White resigns} 0-1

[Event "ICCopen2016"]
[Site "Internet Chess Club"]
[Date "2016.06.03"]
[Round "8"]
[White "Kannayya"]
[Black "DaveyJones"]
[Result "1-0"]
[ICCResult "Black forfeits on time"]
[WhiteElo "1142"]
[BlackElo "1478"]
[Opening "Neo-Grünfeld defense"]
[ECO "D70"]
[NIC "KI.80"]
[Time "20:17:52"]
[TimeControl "180+0"]

1. d4 Nf6 2. c4 g6 3. Nf3 d5 4. cxd5 Nxd5 5. e4 Nf6 6. Nc3 Bg7 7. Bf4 c5 8.
dxc5 Qxd1+ 9. Rxd1 O-O 10. Bc4 Nc6 11. O-O a5 12. a3 Nd7 13. Bb5 Nxc5 14.
Bxc6 bxc6 15. Rfe1 Bxc3 16. bxc3 Bg4 17. Be3 Na4 18. c4 Rfd8 19. Rxd8+ Rxd8
20. Ne5 Be6 21. Nxc6 Rd3 22. Nxe7+ Kf8 23. Nc6 Bxc4 24. Nxa5 Bb5 25. Rc1
Rxa3 26. h3 Rd3 27. Nc6 Bxc6 28. Rxc6 Rd1+ 29. Kh2 Nb2 30. Bg5 Rd4 31. Bf6
Ke8 32. Bxd4 Kd7 33. Rb6 Nc4 34. Rb4 Nd6 35. Be5 Nc8 36. Rd4+ Ke6 37. Bg3 h5
38. f4 Nb6 39. Bf2 Ke7 40. Rb4 Nd7 41. Bd4 Nf6 42. Rb7+ Ke6 43. f5+
{Black forfeits on time}
1-0

[Event "ICCopen2016"]
[Site "Internet Chess Club"]
[Date "2016.06.03"]
[Round "8"]
[White "hunterking"]
[Black "Rude-Dude"]
[Result "1-0"]
[ICCResult "Black forfeits on time"]
[WhiteElo "1367"]
[BlackElo "1276"]
[Opening "Réti opening"]
[ECO "A04"]
[NIC "QP.11"]
[Time "20:17:44"]
[TimeControl "180+0"]

1. Nf3 g6 2. c4 Bg7 3. g3 e6 4. Bg2 Ne7 5. O-O d5 6. cxd5 Nxd5 7. d4 O-O 8.
e4 Ne7 9. Be3 c6 10. Qd2 f5 11. exf5 Nxf5 12. Bg5 Bf6 13. Bxf6 Qxf6 14. Ne5
Nd7 15. f4 Nd6 16. Nc3 Nf7 17. Ne4 Qg7 18. Nc3 c5 19. Nb5 Ndxe5 20. dxe5 Rd8
21. Qc3 a6 22. Na3 Rb8 23. Qxc5 Bd7 24. Qe7 Qf8 25. Qf6 Bc6 26. Rac1 Bxg2
27. Kxg2 Rd2+ 28. Rf2 Rbd8 29. Rc2 Rxf2+ 30. Rxf2 Qc5 31. Qxe6 Rd5 32. Qe8+
Qf8 33. Qxf8+ Kxf8 34. Re2 Ke7 35. Nc4 Nd8 36. Ne3 Rb5 37. Ng4 Ne6 38. Nf6
h6 39. Ne4 Nd4 40. Rd2 Nf5 41. Nd6 Nxd6 42. exd6+ Kd7 43. h4 a5 44. b3
{Black forfeits on time}
1-0